 Dungeon Sprint DCSS version 0.17.1-3-g152610e (webtiles) character file.

38125 hexophile the Warrior (level 14, -5/136 HPs)
             Began as a Formicid Fighter on Apr 23, 2016.
             Was the Champion of Makhleb.
             Slain by a stone giant (27 damage)
             ... in the Dungeon (Sprint IX: "|||||||||||||||||||||||||||||").
             The game lasted 00:10:14 (3614 turns).

hexophile the Warrior (Formicid Fighter)            Turns: 3614, Time: 00:10:15

Health: -5/136     AC: 30    Str: 32    XL:     14   Next: 32%
Magic:  24/24      EV:  9    Int:  7    God:    Makhleb [******]
Gold:   728        SH: 15    Dex: 10    Spells: 0 memorised, 13 levels left

rFire  . . .     SeeInvis +     A - +2 Sword of Power
rCold  . . .     Clarity  .     C - +2 plate armour
rNeg   + + .     SustAt   .     c - +0 shield
rPois  +         Gourm    .     (helmet unavailable)
rElec  +         Spirit   .     (no cloak)
rCorr  .         Warding  +     z - +0 pair of gloves
rMut   .         Stasis   +     (no boots)
MR     +....                    G - amulet of Cekugob {Ward -Tele rElec rPois rN++ AC+1 EV+1}
Stlth  ..........               n - +2 ring of protection
                                H - +6 ring of protection

@: mighty, very slightly contaminated, invisible, somewhat resistant to hostile
enchantments, extremely unstealthy
A: permanent stasis, dig shafts and tunnels, four strong arms, antennae 3
a: Dig, Minor Destruction, Lesser Servant of Makhleb, Major Destruction, Greater
Servant of Makhleb, Renounce Religion


You were in the Dungeon.
You worshipped Makhleb.
Makhleb was exalted by your worship.
You were not hungry.

You visited 1 branch You collected 1910 gold pieces.
You spent 1182 gold pieces at shops.


Innate Abilities, Weirdness & Mutations

You are under a permanent stasis effect.
You can dig through walls and to a lower floor.
Your four strong arms can wield two-handed weapons with a shield.
You have a pair of large antennae on your head (SInv).

Inventory:

Hand Weapons
 b - a +2 scimitar of flaming
 A - the +2 Sword of Power (weapon)
   (You found it in the Dungeon)
Armour
 a - a +1 fire dragon armour {rF++ rC-}
 c - a +0 shield (worn)
 z - a +0 pair of gloves (worn)
 B - a +1 ice dragon armour {rC++ rF-}
 C - a +2 plate armour (worn)
Jewellery
 n - a +2 ring of protection (right hand)
 G - the amulet of Cekugob (around neck) {Ward -Tele rElec rPois rN++ AC+1 EV+1}
   (You bought it in a shop in the Dungeon)

   [amulet of warding]

   It may prevent the melee attacks of summoned creatures.
   It affects your AC (+1).
   It affects your evasion (+1).
   It insulates you from electricity.
   It protects you from poison.
   It greatly protects you from negative energy.
   It prevents most forms of teleportation.
 H - a +6 ring of protection (left hand)
Wands
 l - a wand of draining (1)
 m - a wand of fireball (9)
Scrolls
 g - 5 scrolls of remove curse
 t - 2 scrolls of enchant weapon
 u - a scroll of fog
 v - 4 scrolls of enchant armour
 w - 2 scrolls of recharging
Potions
 f - 7 potions of curing
 i - 5 potions of magic
 p - 2 potions of agility {Stlth+ Dex+5 EV+5}
 q - a potion of cure mutation {!q}
 D - a potion of brilliance {Archmagi Int+5 Wiz++}
Comestibles
 r - 12 bread rations
 s - 44 fruits
 x - 12 meat rations


You had 13 spell levels left.
You didn't know any spells.


   Skills:
 * Level 20.6 Fighting
 - Level 18.6 Long Blades
 - Level 16.4 Armour
 - Level 15.0 Shields
 - Level 14.4 Invocations
 - Level 10.7 Evocations

Dungeon Overview and Level Annotations

Branches:
Dungeon (1/1)

Altars:
Cheibriados
Dithmenos
Elyvilon
Fedhas
Gozag
Kikubaaqudgha
Makhleb
Nemelex Xobeh
Okawaru
Qazlal
Ru
Sif Muna
Trog
Vehumet
Xom
Yredelemnul
Zin
The Shining One
Beogh
Jiyva
Lugonu

Shops:
D =%::

Vault maps used:
D:        linesprint
You       could see a frost giant, a fire dragon, 2 stone giants, a yaktaur
          captain, a boulder beetle shaped shifter (fleeing), a red ugly thing
          (wandering) and a slime creature (wandering).


Message History

A stone giant comes into view.
The yaktaur captain shouts!
The stone giant shouts!
The stone giant throws a large rock.
The large rock hits the frost giant!!
Cornered, the frost giant turns to fight!
Things that are here:
5 large rocks; an entropy weaver corpse; a stone giant corpse You slash the frost giant!
The frost giant is almost dead.
You block the frost giant's attack.
You slice the frost giant!!
You kill the frost giant!
Makhleb accepts your kill.
You feel better.
The stone giant throws a large rock.
The large rock hits you!!
* * * LOW HITPOINT WARNING * * *
You lost 3 HP.
You have now: 37/136 HP.
Unknown command.
A slime creature comes into view.
You are no longer corroded.
The slime creature quivers.
The boulder beetle curls into a ball and rolls away!
The stone giant throws a large rock.
The large rock hits you!
* * * LOW HITPOINT WARNING * * *
Things that are here:
a battleaxe of freezing; 3 large rocks; a frost giant corpse You lost 11 HP.
You have now: 26/136 HP.
Unknown command.
A red ugly thing comes into view.
The slime creature quivers.
The red ugly thing gurgles horribly!
The stone giant hits you but does no damage.
The slime creature quivers.
You hit the stone giant.
The stone giant is heavily wounded.
The slime creature quivers.
The red ugly thing gurgles horribly!
You slash the stone giant!
The stone giant is heavily wounded.
The slime creature quivers.
The red ugly thing gurgles horribly!
The spectral pale draconian fades away!
You block the boulder beetle.
The boulder beetle stops rolling.
The stone giant hits you.
* * * LOW HITPOINT WARNING * * *
You lost 5 HP.
You have now: 22/136 HP.
Unknown command.
You slice the stone giant!!
The stone giant is almost dead.
The slime creature quivers.
The red ugly thing gurgles horribly!
The stone giant hits you!!
You die...

Action                   |  1- 3 |  4- 6 |  7- 9 | 10-12 | 13-15 || total
-------------------------+-------+-------+-------+-------+-------++-------
Melee: Long sword        |    30 |     3 |       |       |       ||    33
       Scimitar          |       |     7 |    86 |   267 |       ||   360
       Great sword       |       |       |       |   118 |   201 ||   319
Throw: Throwing net      |       |       |       |     1 |       ||     1
Invok: Greater Servant o |       |       |       |     4 |       ||     4
       Lesser Servant of |       |       |       |     3 |     1 ||     4
       Major Destruction |       |       |       |       |     1 ||     1
Evoke: Wand              |       |     1 |     1 |       |     4 ||     6
  Use: Potion            |     2 |       |       |     4 |     2 ||     8
       Scroll            |       |       |       |       |     1 ||     1
 Stab: Distracted        |       |       |       |     1 |       ||     1
  Eat: Chunk             |       |       |       |     3 |     3 ||     6
       Bread ration      |       |       |       |     1 |       ||     1

Notes
Turn   | Place    | Note
--------------------------------------------------------------
     0 | D        | hexophile the Formicid Fighter began the quest for the Orb.
     0 | D        | Reached XP level 1. HP: 18/18 MP: 1/1
    15 | D        | Reached skill level 3 in Long Blades
    30 | D        | Noticed an orc wizard
    30 | D        | Noticed a crimson imp
    30 | D        | Noticed a crimson imp
    37 | D        | Killed an orc wizard
    37 | D        | Reached skill level 5 in Long Blades
    37 | D        | Reached skill level 5 in Shields
    37 | D        | Reached XP level 2. HP: 24/24 MP: 2/2
    37 | D        | Reached XP level 3. HP: 29/29 MP: 3/3
    41 | D        | Reached skill level 6 in Shields
    43 | D        | Killed a crimson imp
    43 | D        | Reached skill level 6 in Long Blades
    43 | D        | Reached skill level 7 in Shields
    43 | D        | Reached XP level 4. HP: 31/35 MP: 4/4
    47 | D        | Killed a crimson imp
    47 | D        | Reached skill level 7 in Long Blades
    47 | D        | Reached skill level 8 in Shields
    47 | D        | Reached XP level 5. HP: 36/41 MP: 5/5
    55 | D        | Found a glowing silver altar of Zin.
    55 | D        | Found a glowing golden altar of the Shining One.
    55 | D        | Found an ancient bone altar of Kikubaaqudgha.
    55 | D        | Found a basalt altar of Yredelemnul.
    55 | D        | Found a shimmering altar of Xom.
    55 | D        | Found a radiant altar of Vehumet.
    56 | D        | Found an iron altar of Okawaru.
    57 | D        | Found a burning altar of Makhleb.
    58 | D        | Found a deep blue altar of Sif Muna.
    59 | D        | Found a bloodstained altar of Trog.
    60 | D        | Found a sparkling altar of Nemelex Xobeh.
    61 | D        | Found a white marble altar of Elyvilon.
    62 | D        | Found a roughly hewn altar of Beogh.
    63 | D        | Found a viscous altar of Jiyva.
    64 | D        | Found a corrupted altar of Lugonu.
    65 | D        | Found a blossoming altar of Fedhas.
    66 | D        | Found a snail-covered altar of Cheibriados.
    67 | D        | Found a shadowy altar of Dithmenos.
    68 | D        | Found a stormy altar of Qazlal.
    69 | D        | Found an opulent altar of Gozag.
    70 | D        | Found a sacrificial altar of Ru.
   154 | D        | Became a worshipper of Makhleb the Destroyer
   178 | D        | Noticed a hound
   178 | D        | Noticed a giant frog
   178 | D        | Noticed a two-headed ogre
   178 | D        | Noticed an orc wizard
   178 | D        | Noticed an ogre
   179 | D        | Killed a hound
   179 | D        | Reached skill level 4 in Fighting
   186 | D        | Killed a giant frog
   186 | D        | Reached * piety under Makhleb
   186 | D        | Reached skill level 5 in Fighting
   186 | D        | Reached skill level 8 in Long Blades
   186 | D        | Reached skill level 9 in Shields
   186 | D        | Reached XP level 6. HP: 32/51 MP: 6/6
   187 | D        | Killed a two-headed ogre
   187 | D        | Reached skill level 7 in Fighting
   187 | D        | Reached skill level 9 in Long Blades
   187 | D        | Reached skill level 11 in Shields
   187 | D        | Reached XP level 7. HP: 34/61 MP: 7/7
   190 | D        | Killed an ogre
   190 | D        | Reached ** piety under Makhleb
   190 | D        | Reached skill level 8 in Fighting
   199 | D        | Killed an orc wizard
   199 | D        | Reached skill level 10 in Long Blades
   290 | D        | Noticed a crimson imp
   290 | D        | Noticed a hill giant
   290 | D        | Noticed a cyclops
   290 | D        | Noticed an orc wizard
   295 | D        | Killed a hill giant
   295 | D        | Reached skill level 9 in Fighting
   295 | D        | Reached skill level 11 in Long Blades
   295 | D        | Reached skill level 12 in Shields
   295 | D        | Reached XP level 8. HP: 60/72 MP: 8/8
   299 | D        | Killed a cyclops
   299 | D        | Reached *** piety under Makhleb
   299 | D        | Reached skill level 10 in Fighting
   299 | D        | Reached skill level 4 in Armour
   299 | D        | Reached skill level 3 in Invocations
   303 | D        | Killed a crimson imp
   305 | D        | Reached skill level 13 in Shields
   309 | D        | Killed an orc wizard
   309 | D        | Reached **** piety under Makhleb
   437 | D        | Noticed a giant frog
   437 | D        | Noticed a crocodile
   437 | D        | Noticed a basilisk
   437 | D        | Noticed a spiny frog
   437 | D        | Noticed a basilisk
   437 | D        | Noticed a yak
   439 | D        | Killed a giant frog
   439 | D        | Reached skill level 5 in Armour
   442 | D        | Noticed a komodo dragon
   443 | D        | Noticed a blink frog
   445 | D        | Killed a crocodile
   445 | D        | Reached skill level 4 in Invocations
   445 | D        | Reached XP level 9. HP: 79/79 MP: 10/12
   446 | D        | Noticed a hippogriff
   457 | D        | Killed a basilisk
   457 | D        | Reached ***** piety under Makhleb
   461 | D        | Killed a spiny frog
   461 | D        | Reached skill level 6 in Armour
   461 | D        | Reached skill level 5 in Invocations
   478 | D        | Killed a basilisk
   478 | D        | Reached skill level 11 in Fighting
   484 | D        | Killed a yak
   484 | D        | Reached skill level 12 in Long Blades
   490 | D        | Killed a komodo dragon
   490 | D        | Reached skill level 7 in Armour
   490 | D        | Reached skill level 6 in Invocations
   495 | D        | Killed a hippogriff
   495 | D        | Reached skill level 14 in Shields
   505 | D        | Killed a blink frog
   505 | D        | Reached skill level 7 in Invocations
   600 | D        | Noticed a black mamba
   600 | D        | Noticed a giant frog
   600 | D        | Noticed a hippogriff
   600 | D        | Noticed a porcupine
   600 | D        | Noticed a basilisk
   600 | D        | Noticed a crocodile
   601 | D        | Noticed a griffon
   609 | D        | Killed a black mamba
   609 | D        | Reached ****** piety under Makhleb
   609 | D        | Reached XP level 10. HP: 65/89 MP: 15/15
   620 | D        | Killed a giant frog
   623 | D        | Noticed a basilisk
   625 | D        | Noticed a water moccasin
   625 | D        | Killed a hippogriff
   625 | D        | Reached skill level 8 in Armour
   630 | D        | Killed a griffon
   630 | D        | Reached skill level 12 in Fighting
   630 | D        | Reached skill level 8 in Invocations
   632 | D        | Killed a porcupine
   634 | D        | Killed a basilisk
   636 | D        | Killed a crocodile
   640 | D        | Killed a basilisk
   642 | D        | Killed a water moccasin
   680 | D        | Noticed a hell hound
   680 | D        | Noticed a wolf
   680 | D        | Noticed a warg
   681 | D        | Noticed a warg
   682 | D        | Noticed a wolf
   685 | D        | Noticed a warg
   685 | D        | Killed a hell hound
   689 | D        | Noticed a wolf
   691 | D        | Noticed a warg
   692 | D        | Killed a warg
   692 | D        | Reached skill level 13 in Long Blades
   692 | D        | Reached skill level 9 in Armour
   692 | D        | Reached skill level 9 in Invocations
   694 | D        | Killed a warg
   695 | D        | Killed a warg
   695 | D        | Reached skill level 15 in Shields
   698 | D        | Killed a wolf
   699 | D        | Killed a wolf
   705 | D        | Killed a warg
   719 | D        | Killed a wolf
   773 | D        | Noticed Joseph
   787 | D        | Killed Joseph
   787 | D        | Reached skill level 1 in Evocations
   822 | D        | Noticed Erica
   831 | D        | Killed Erica
   831 | D        | Reached skill level 13 in Fighting
   831 | D        | Reached skill level 10 in Armour
   831 | D        | Reached skill level 10 in Invocations
   831 | D        | Reached skill level 3 in Evocations
   831 | D        | Reached XP level 11. HP: 80/98 MP: 18/18
   894 | D        | Noticed an orc wizard
   894 | D        | Noticed an orc warrior
   894 | D        | Noticed an orc priest
   894 | D        | Noticed an orc wizard
   898 | D        | Killed an orc wizard
   899 | D        | Noticed an orc warrior
   901 | D        | Killed an orc warrior
   902 | D        | Noticed an orc priest
   904 | D        | Noticed an orc wizard
   915 | D        | Killed an orc warrior
   916 | D        | Noticed an orc priest
   922 | D        | Killed an orc priest
   923 | D        | Killed an orc wizard
   928 | D        | Killed an orc priest
   930 | D        | Killed an orc wizard
   931 | D        | Killed an orc priest
  1029 | D        | Noticed an orc knight
  1029 | D        | Noticed an orc warrior
  1029 | D        | Noticed an orc warrior
  1029 | D        | Noticed an orc warrior
  1029 | D        | Noticed an orc warrior
  1030 | D        | Noticed an orc sorcerer
  1034 | D        | Noticed an orc knight
  1042 | D        | Killed an orc knight
  1042 | D        | Reached skill level 4 in Evocations
  1050 | D        | Killed an orc warrior
  1052 | D        | Killed an orc warrior
  1053 | D        | Noticed an orc warrior
  1056 | D        | Noticed an orc warrior
  1057 | D        | Killed an orc warrior
  1059 | D        | Noticed an orc warrior
  1064 | D        | Killed an orc sorcerer
  1064 | D        | Reached skill level 11 in Invocations
  1064 | D        | Reached skill level 5 in Evocations
  1082 | D        | Killed an orc knight
  1082 | D        | Reached skill level 14 in Long Blades
  1082 | D        | Reached skill level 11 in Armour
  1091 | D        | Killed an orc warrior
  1098 | D        | Killed an orc warrior
  1101 | D        | Killed an orc warrior
  1110 | D        | Killed an orc warrior
  1174 | D        | Found Satuforch's Jewellery Emporium.
  1174 | D        | Noticed a hill giant
  1174 | D        | Noticed a hill giant
  1174 | D        | Noticed a hill giant
  1174 | D        | Noticed a hill giant
  1174 | D        | Noticed a stone giant
  1175 | D        | Noticed a stone giant
  1179 | D        | Killed a hill giant
  1184 | D        | Killed a hill giant
  1184 | D        | Reached skill level 6 in Evocations
  1188 | D        | Killed a stone giant
  1188 | D        | Reached skill level 14 in Fighting
  1191 | D        | Killed a hill giant
  1202 | D        | Killed a stone giant
  1202 | D        | Reached skill level 12 in Invocations
  1202 | D        | Reached skill level 7 in Evocations
  1208 | D        | Noticed a hill giant
  1211 | D        | Killed a hill giant
  1211 | D        | Reached skill level 12 in Armour
  1219 | D        | Killed a hill giant
  1219 | D        | Reached XP level 12. HP: 26/108 MP: 21/21
  1433 | D        | Found Soeleap's Food Shoppe.
  1437 | D        | Found Ifuci's Book Emporium.
  1439 | D        | Noticed a hill giant
  1441 | D        | Noticed a hill giant
  1450 | D        | Noticed a stone giant
  1467 | D        | Killed a stone giant
  1471 | D        | Killed a hill giant
  1471 | D        | Reached skill level 8 in Evocations
  1474 | D        | Killed a hill giant
  1481 | D        | Noticed a deep troll
  1499 | D        | Killed a deep troll
  1553 | D        | Found Asaf's Book Shoppe.
  1559 | D        | Noticed a troll
  1560 | D        | Noticed a deep troll
  1570 | D        | Killed a deep troll
  1570 | D        | Reached skill level 15 in Fighting
  1570 | D        | Reached skill level 15 in Long Blades
  1570 | D        | Reached skill level 13 in Invocations
  1578 | D        | Killed a troll
  1644 | D        | Noticed Harold
  1659 | D        | Killed Harold
  1659 | D        | Reached skill level 9 in Evocations
  1888 | D        | Bought the amulet of Cekugob {Ward -Tele rElec rPois rN++ AC+1 EV+1} for 402 gold pieces
  1888 | D        | Bought a +6 ring of protection for 780 gold pieces
  2092 | D        | Noticed a green ugly thing
  2092 | D        | Noticed a seven-headed hydra
  2092 | D        | Noticed a necrophage
  2092 | D        | Noticed a giant frog
  2092 | D        | Noticed a wight
  2092 | D        | Noticed a gargoyle
  2099 | D        | Noticed a cyclops
  2099 | D        | Killed a green ugly thing
  2099 | D        | Reached skill level 13 in Armour
  2110 | D        | Killed a 12-headed hydra
  2110 | D        | Killed a necrophage
  2110 | D        | Killed a giant frog
  2110 | D        | Killed a wight
  2114 | D        | Noticed a hippogriff
  2115 | D        | Noticed a fire giant
  2115 | D        | Killed a gargoyle
  2123 | D        | Noticed a rakshasa
  2124 | D        | Noticed a tengu conjurer
  2126 | D        | Killed a cyclops
  2127 | D        | Noticed a green ugly thing
  2130 | D        | Noticed a green ugly thing
  2134 | D        | Noticed a yaktaur
  2135 | D        | Killed a hippogriff
  2143 | D        | Killed a tengu conjurer
  2143 | D        | Killed a fire giant
  2143 | D        | Reached skill level 14 in Invocations
  2143 | D        | Reached skill level 10 in Evocations
  2152 | D        | Killed a white ugly thing
  2212 | D        | Killed a yaktaur
  2235 | D        | Killed a rakshasa
  2288 | D        | Noticed a yaktaur captain
  2289 | D        | Noticed a centaur warrior
  2304 | D        | Killed a yaktaur captain
  2304 | D        | Reached XP level 13. HP: 43/117 MP: 23/23
  2310 | D        | Killed a centaur warrior
  2310 | D        | Reached skill level 16 in Fighting
  2735 | D        | Noticed a ghost moth
  2735 | D        | Noticed an orb spider
  2735 | D        | Noticed an orb spider
  2735 | D        | Noticed a tarantella
  2735 | D        | Noticed a demonic crawler
  2735 | D        | Noticed a torpor snail
  2740 | D        | Noticed a jumping spider
  2745 | D        | Killed a ghost moth
  2745 | D        | Reached skill level 16 in Long Blades
  2745 | D        | Reached skill level 14 in Armour
  2749 | D        | Noticed an orb spider
  2751 | D        | Killed an orb spider
  2752 | D        | Noticed a trapdoor spider
  2759 | D        | Killed an orb spider
  2766 | D        | Killed a tarantella
  2769 | D        | Killed a jumping spider
  2774 | D        | Killed a demonic crawler
  2778 | D        | Killed a torpor snail
  2780 | D        | Killed an orb spider
  2785 | D        | Killed a trapdoor spider
  3037 | D        | Noticed an eight-headed hydra
  3037 | D        | Noticed an alligator
  3037 | D        | Noticed a white very ugly thing
  3037 | D        | Noticed a giant leech
  3037 | D        | Noticed a bog body
  3037 | D        | Noticed an alligator
  3041 | D        | Noticed a bog body
  3041 | D        | Killed an eight-headed hydra
  3041 | D        | Reached skill level 15 in Armour
  3041 | D        | Killed an alligator
  3041 | D        | Reached skill level 17 in Fighting
  3042 | D        | Killed a white very ugly thing
  3042 | D        | Reached skill level 17 in Long Blades
  3043 | D        | Noticed a swamp dragon
  3044 | D        | Killed a giant leech
  3045 | D        | Noticed a giant leech
  3048 | D        | Killed an alligator
  3052 | D        | Killed a bog body
  3054 | D        | Killed a bog body
  3059 | D        | Killed a swamp dragon
  3065 | D        | Killed a giant leech
  3195 | D        | Noticed a naga
  3195 | D        | Noticed a guardian serpent
  3195 | D        | Noticed a black mamba
  3195 | D        | Noticed a black mamba
  3195 | D        | Noticed a black mamba
  3195 | D        | Noticed a shock serpent
  3198 | D        | Killed a naga
  3201 | D        | Killed a guardian serpent
  3202 | D        | Noticed a naga
  3206 | D        | Noticed a naga sharpshooter
  3208 | D        | Killed a shock serpent
  3208 | D        | Reached skill level 16 in Armour
  3209 | D        | Killed a black mamba
  3211 | D        | Noticed a naga
  3211 | D        | Killed a black mamba
  3217 | D        | Killed a black mamba
  3217 | D        | Reached skill level 18 in Fighting
  3219 | D        | Killed a naga
  3226 | D        | Killed a naga sharpshooter
  3232 | D        | Killed a naga
  3321 | D        | Noticed a water elemental
  3321 | D        | Noticed a manticore
  3321 | D        | Noticed a merfolk impaler
  3321 | D        | Noticed a griffon
  3321 | D        | Noticed a merfolk aquamancer
  3321 | D        | Noticed a water nymph
  3323 | D        | Killed a water elemental
  3324 | D        | Noticed a merfolk aquamancer
  3326 | D        | Noticed a sea snake
  3328 | D        | Noticed a sea snake
  3328 | D        | Killed a manticore
  3334 | D        | Killed a merfolk impaler
  3334 | D        | Reached skill level 18 in Long Blades
  3340 | D        | Killed a griffon
  3347 | D        | Killed a water nymph
  3347 | D        | Reached XP level 14. HP: 131/131 MP: 24/24
  3348 | D        | Killed a merfolk aquamancer
  3355 | D        | Killed a merfolk aquamancer
  3358 | D        | Killed a sea snake
  3358 | D        | Reached skill level 19 in Fighting
  3369 | D        | Killed a sea snake
  3523 | D        | Noticed Urug
  3537 | D        | Killed Urug
  3562 | D        | Noticed a fire dragon
  3562 | D        | Noticed a rakshasa
  3562 | D        | Noticed a sea snake
  3562 | D        | Noticed a stone giant
  3562 | D        | Noticed an entropy weaver
  3562 | D        | Noticed a great orb of eyes
  3565 | D        | a sea snake changed into an anubis guard
  3573 | D        | Killed a fire dragon
  3574 | D        | Noticed a frost giant
  3578 | D        | Killed a rakshasa
  3579 | D        | Noticed a stone giant
  3580 | D        | Noticed a fire dragon
  3587 | D        | Killed a stone giant
  3587 | D        | Reached skill level 20 in Fighting
  3588 | D        | Noticed a frost giant
  3592 | D        | Killed an entropy weaver
  3603 | D        | Noticed a yaktaur captain
  3605 | D        | Killed a great orb of eyes
  3607 | D        | Noticed a stone giant
  3609 | D        | Killed a frost giant
  3610 | D        | Noticed a slime creature
  3611 | D        | Noticed a red ugly thing
  3614 | D        | Slain by a stone giant

Table legend:
 A = Turns spent in this place as a percentage of turns spent in the entire game.
 B = Non-inter-level travel turns spent in this place as a percentage of non-inter-level travel turns spent in the entire game.
 C = Inter-level travel turns spent in this place as a percentage of turns spent in this place.
 D = Turns resting spent in this place as a percentage of non-inter-level travel turns spent in this place.
 E = Turns spent auto-exploring this place as a percentage of non-inter-level travel turns spent in this place.
 F = Non-inter-level travel turns spent in this place divided by the number of levels of this place that you've seen.
                   A       B       C       D       E      F
               +-------+-------+-------+-------+-------+----------------------
         Total | 100.0 | 100.0 |   0.2 |   2.8 |   1.1 | 2102.0
       Dungeon | 100.0 | 100.0 |   0.2 |   2.8 |   1.1 | 2102.0
               +-------+-------+-------+-------+-------+----------------------

Table legend:
 A = Kills in this place as a percentage of kills in entire the game.
 B = Kills by you in this place as a percentage of kills by you in the entire game.
 C = Kills by friends in this place as a percentage of kills by friends in the entire game.
 D = Other kills in this place as a percentage of other kills in the entire game.
 E = Experience gained in this place as a percentage of experience gained in the entire game.
 F = Experience gained in this place divided by the number of levels of this place that you have seen.
                   A       B       C       D       E      F
               +-------+-------+-------+-------+-------+----------------------
         Total | 100.0 | 100.0 | 100.0 | 100.0 | 100.0 | 54465.0
       Dungeon | 100.0 | 100.0 | 100.0 | 100.0 | 100.0 | 54465.0
               +-------+-------+-------+-------+-------+----------------------

Vanquished Creatures
  A ghost moth (D)
  A frost giant (D)
  A very ugly thing (D)
  4 stone giants (D)
  A fire dragon (D)
  2 rakshasas (D)
  A merfolk impaler (D)
  An entropy weaver (D)
  Harold (D)
  A yaktaur captain (D)
  A centaur warrior (D)
  A hydra (D)
  Erica (D)
  2 alligators (D)
  2 merfolk aquamancers (D)
  Urug (D)
  A shock serpent (D)
  A naga sharpshooter (D)
  2 deep trolls (D)
  A swamp dragon (D)
  2 sea snakes (D)
  2 orc knights (D)
  2 ugly things (D)
  An orc sorcerer (D)
  3 orb spiders (D)
  A manticore (D)
  5 hill giants (D)
  A water nymph (D)
  2 griffons (D)
  2 cyclopes (D)
  A guardian serpent (D)
  Joseph (D)
  A torpor snail (D)
  4 black mambas (D)
  A yaktaur (D)
  A spiny frog (D)
  A demonic crawler (D)
  A tengu conjurer (D)
  A komodo dragon (D)
  A jumping spider (D)
  2 giant leeches (D)
  A troll (D)
  A two-headed ogre (D)
  A blink frog (D)
  2 bog bodies (D)
  A trapdoor spider (D)
  A water elemental (D)
  A tarantella (D)
  A yak (D)
  4 basilisks (D)
  3 hippogriffs (D)
  3 wolves (D)
  4 wargs (D)
  A hell hound (D)
  3 nagas (D)
  A porcupine (D)
  A water moccasin (D)
  9 orc warriors (D)
  An ogre (D)
  2 crocodiles (D)
  3 giant frogs (D)
  3 crimson imps (D)
  A hound (D)
  3 orc priests (D)
  6 orc wizards (D)
  An adder (D)
  An adder skeleton (D)
  An adder zombie (D)
  8 orcs (D)
  A jackal (D)
  2 kobolds (D)
  A bat (D)
  2 rats (D)
137 creatures vanquished.

Vanquished Creatures (collateral kills)
  A hydra (D)
  3 hill giants (D)
  A gargoyle (D)
  A necrophage (D)
  A giant frog (D)
  A wight (D)
8 creatures vanquished.

Vanquished Creatures (others)
  A fire giant (D)
  A great orb of eyes (D)
2 creatures vanquished.

Grand Total: 147 creatures vanquished
